 Dungeon Crawl Stone Soup version 0.29-a0-559-g359e09b (webtiles) character file.

Game seed: 5431418547254423738

121 Dawnplanks the Magician (level 5, -2/35 HPs)
             Began as a Djinni Conjurer on June 10, 2022.
             Slain by Pikel
             ... wielding a +0 whip of freezing
              (8 damage)
             ... on level 3 of the Dungeon.
             The game lasted 00:09:09 (4052 turns).

Dawnplanks the Magician (Djinni Conjurer)           Turns: 4052, Time: 00:09:10

Health: -2/35      AC:  4    Str:  6    XL:     5   Next: 26%
Gold:   158        EV: 13    Int: 21    God:
                   SH:  0    Dex: 17

rFire   + . .      SeeInvis .   w - +0 quarterstaff
rCold   x . .      Faith    .   (shield currently unavailable)
rNeg    . . .      Spirit   .   a - +0 robe
rPois   ∞          Reflect  .   v - +0 helmet
rElec   .          Harm     .   (no cloak)
rCorr   +          Rampage  .   u - +0 pair of gloves
Will    .....                   (boots unavailable)
Stlth   ++........              (no amulet)
HPRegen 0.11/turn               s - ring of Pererch {Fly rF- rCorr Dex+5}
MPRegen 0.00/turn               t - ring of wizardry

@: flying
A: sickness immunity, fire resistance 2, cold vulnerability 1, float, innate
caster, HP casting, extra vitality 1
a: no special abilities


You were on level 3 of the Dungeon.
You visited 1 branch of the dungeon, and saw 4 of its levels.

You collected 158 gold pieces.

Inventory:

Hand Weapons
 w - a +0 quarterstaff (weapon)
Armour
 a - a +0 robe (worn)
 u - a +0 pair of gloves (worn)
 v - a +0 helmet (worn)
Jewellery
 k - a +6 ring of strength
 m - a ring of ice
 s - the ring of Pererch (left hand) {Fly rF- rCorr Dex+5}
   (You found it on level 3 of the Dungeon)

   [ring of resist corrosion]

   Dex:       It affects your dexterity (+5).
   rF:        It makes you vulnerable to fire.
   Fly:       It grants you flight.
   rCorr:     It protects you from acid and corrosion.
 t - a ring of wizardry (right hand)
Scrolls
 b - 3 scrolls of identify {unknown}
 c - 2 scrolls of immolation {unknown}
 e - a scroll of brand weapon {unknown}
 g - a scroll of enchant weapon {unknown}
 j - a scroll of fog {unknown}
 n - a scroll of teleportation {unknown}
 o - 2 scrolls of silence {unknown}
 p - a scroll of torment {unknown}
 r - a scroll of amnesia {unknown}
Potions
 d - 4 potions of curing {unknown}
 f - 2 potions of flight {unknown}
 h - a potion of ambrosia {unknown}
 i - a potion of resistance {unknown}
 l - a potion of magic {unknown}
 q - a potion of mutation {unknown}


   Skills:
 + Level 2.4 Dodging
 - Level 1.5 Stealth
 + Level 4.8 Spellcasting


You couldn't memorise any spells.
You knew the following spells:

 Your Spells              Type           Power      Damage    Failure   Level
a - Magic Dart            Conj           100%       1d8       1%          1
b - Searing Ray           Conj           50%        2d6       1%          2
c - Dazzling Flash        Conj/Hex       50%        N/A       1%          3
d - Fulminant Prism       Conj/Hex       12%        3d9       6%          4
e - Iskenderun's Mystic   Conj/Tloc      25%        2d7       6%          4
f - Freeze                Ice            100%       1d11      1%          1
g - Poisonous Vapours     Pois/Air       50%        N/A       1%          2
Your spell library was empty.

Dungeon Overview and Level Annotations

Branches:
Dungeon (4/15)
 Temple: D:4-7

Altars:

Annotations:
D:3 Pikel


Innate Abilities, Weirdness & Mutations

You are immune to sickness and miasma.
You are immune to poison.
Your flesh is very heat resistant. (rF++)
You are vulnerable to cold. (rC-)
You float through the air rather than walking.
You learn spells naturally, not from books.
Your magical power is your life essence.
You have superior vitality. (+4 MHP)


Message History

The searing ray hits Pikel!
Pikel is moderately wounded. (Press . to maintain the ray.) Pikel hits you with a +0 whip of freezing.
Pikel freezes you.
Casting: Searing Ray (safe; 1% risk of failure)
Confirm with . or Enter, or press ? or * to list all spells.
Restarting spell: Searing Ray (safe; 1% risk of failure)
Press: ? - help, Shift-Dir - straight line The searing ray hits Pikel but does no damage.
Pikel is moderately wounded. (Press . to maintain the ray.) Pikel closely misses you.
The searing ray hits Pikel.
Pikel is moderately wounded.
Pikel closely misses you.
The searing ray hits Pikel!
Pikel is heavily wounded.
Pikel hits you with a +0 whip of freezing.
Pikel freezes you.
Casting: Searing Ray (safe; 1% risk of failure)
Confirm with . or Enter, or press ? or * to list all spells.
Restarting spell: Searing Ray (safe; 1% risk of failure)
Press: ? - help, Shift-Dir - straight line The searing ray hits Pikel but does no damage.
Pikel is heavily wounded. (Press . to maintain the ray.) Pikel hits you with a +0 whip of freezing.
* * * LOW HITPOINT WARNING * * *
Pikel freezes you.
* * * LOW HITPOINT WARNING * * *
The searing ray hits Pikel but does no damage.
Pikel is heavily wounded.
* * * LOW HITPOINT WARNING * * *
Pikel misses you.
The searing ray hits Pikel.
Pikel is severely wounded.
* * * LOW HITPOINT WARNING * * *
Pikel hits you with a +0 whip of freezing!
You die...

#..........##.# #.#
#.............# #.#
#..........###########.#
#..........#)..........#
##.#+#######.###########
#.#.# #.# #.#.# #.#
####.#.#######.###########
................@K......>#
##.#.#.#######.#########.#
.....#.#######.# #.#
##.###.......#.# #.# #.#
#######.#.#########.# #.#
#.#.......)...# #.#
#.################# #.#
#.#...............# #.#
#.#.#############.#


You could see Pikel.

Vanquished Creatures
  2 lemures (D:4)
  4 adders
  A worm (D:2)
  2 dart slugs
  An orc (D:3)
  6 endoplasms
  4 giant cockroaches
  6 goblins
  5 hobgoblins
  6 jackals
  3 quokkas
  7 ball pythons
  4 bats
  8 frilled lizards
  9 kobolds
  7 rats
75 creatures vanquished.

Notes
Turn   | Place    | Note
-------+----------+-------------------------------------------
     0 | D:1      | Dawnplanks the Djinni Conjurer began the quest for the Orb.
     0 | D:1      | Reached XP level 1. HP: 15/15 MP: 0/0
   185 | D:1      | Reached XP level 2. HP: 7/21 MP: 0/0
   845 | D:1      | Reached XP level 3. HP: 24/25 MP: 0/0
   845 | D:1      | Learned a level 1 spell: Freeze
  1577 | D:2      | Reached skill level 4 in Spellcasting
  1861 | D:2      | Reached XP level 4. HP: 29/31 MP: 0/0
  2122 | D:2      | Found a faded altar of an unknown god.
  2939 | D:3      | Identified the ring of Pererch {Fly rF- rCorr Dex+5}
  3277 | D:3      | Reached XP level 5. HP: 32/35 MP: 0/0
  3277 | D:3      | Learned a level 2 spell: Poisonous Vapours
  3796 | D:4      | Noticed Pikel
  3796 | D:4      | Noticed a lemure
  3796 | D:4      | Noticed a lemure
  3798 | D:4      | Noticed a lemure
  3804 | D:4      | Noticed a lemure
  3833 | D:4      | Killed a lemure
  3835 | D:4      | Killed a lemure
  4052 | D:3      | Slain by Pikel

Illustrated notes

Levels and vault maps discovered:
D:1:      dpeg_arrival_concentric_ovals, layout_basic
D:2:      layout_rooms, shapermc_ecumenical_altar_mp_ritualfount
D:3:      layout_basic
D:4:      layout_loops_corners, lemuel_tele_altar,
          hellmonk_ghost_happy_afterlife, minmay_goblin_outpost, uniq_pikel

Skill      XL: |  1  2  3 |
---------------+----------+-----
Spellcasting   | 4 |  4.8
Dodging        | |  2.4
Stealth        | |  1.5

Action                   |  1- 3 |  4- 6 || total
-------------------------+-------+-------++-------
 Cast: Magic Dart        |    69 |    67 ||   136
       Freeze            |       |     4 ||     4
       Searing Ray       |       |     7 ||     7
       Dazzling Flash    |       |     3 ||     3
       Poisonous Vapours |       |     1 ||     1
Armor: Robe              |     1 |     4 ||     5
Dodge: Dodged            |     3 |    19 ||    22

Table legend: (Time is in decaauts)
 A = Elapsed time spent in this place.
 B = Non-inter-level travel time spent in this place.
 C = Inter-level travel time spent in this place.
 D = Time resting spent in this place.
 E = Time spent auto-exploring this place.
 F = Levels seen in this place.
 G = Mean time per level.
                   A        B        C        D        E       F      G
               +--------+--------+--------+--------+--------+-----+--------+
         Total |   4049 |   3948 |    101 |    512 |   3052 |   4 | 1012.2 |
       Dungeon |   4049 |   3948 |    101 |    512 |   3052 |   4 | 1012.2 |
               +--------+--------+--------+--------+--------+-----+--------+

Top non-repeatable levels by time:
     D:3: 1586 daAuts
     D:1: 1539 daAuts
     D:2: 804 daAuts
     D:4: 119 daAuts
